 Dungeon Crawl Stone Soup version 0.28-a0-932-g843f935a50 (webtiles) character file.

Game seed: 13830857504628612086

20 mcbry74 the Grave Robber (level 2, -2/20 HPs)
             Began as a Ghoul Necromancer on Nov 28, 2021.
             Slain by an orc (10 damage)
             ... on level 4 of the Dungeon.
             The game lasted 00:04:00 (1175 turns).

mcbry74 the Grave Robber (Ghoul Necromancer)        Turns: 1175, Time: 00:04:01

Health: -2/20      AC:  2    Str: 11    XL:     2   Next: 79%
Magic:  3/3        EV: 12    Int: 10    God:
Gold:   89         SH:  0    Dex:  9    Spells: 3/4 levels left

rFire   . . .      SeeInvis +   g - +9 flail of Rufatiob {vamp, SInv}
rCold   + . .      Faith    .   (no shield)
rNeg    + + +      Spirit   .   a - +0 robe
rPois   ∞          Reflect  .   (no helmet)
rElec   .          Harm     .   (no cloak)
rCorr   .          Rampage  .   (no gloves)
Will    .....                   (no boots)
Stlth   ++........              (no amulet)
HPRegen 0.00/turn               (no ring)
MPRegen 0.08/turn               (no ring)

@: inhibited regen
A: claws 1, cold resistance 1, negative energy resistance 3, inhibited
regeneration, torment resistance 2
a: no special abilities


You were on level 4 of the Dungeon.
You visited 1 branch of the dungeon, and saw 3 of its levels.

You collected 89 gold pieces.

Inventory:

Hand Weapons
 g - the +9 flail of Rufatiob (weapon) {vamp, SInv}
   (You found it on level 4 of the Dungeon)

   It occasionally heals its wielder for a portion of the damage dealt when it
   wounds a living foe.
   SInv:      It lets you see invisible.
Armour
 a - a +0 robe (worn)
Jewellery
 d - a ring of ice
Scrolls
 c - a scroll of summoning {unknown}
 e - a scroll of identify {unknown}
Potions
 b - 3 potions of lignification {unknown}
 f - a potion of curing {unknown}


   Skills:
 - Level 1.7 Dodging
 - Level 2.1 Stealth
 + Level 2.6 Unarmed Combat
 - Level 1.7 Spellcasting
 - Level 4.0 Necromancy


You had 3 spell levels left.
You knew the following spells:

 Your Spells              Type           Power      Damage    Failure   Level
a - Pain                  Necr           32%        1d5       6%          1

Your spell library contained the following spells:

 Spells                   Type           Power      Damage    Failure   Level
 Animate Skeleton         Necr           16%        N/A       6%          1
 Vampiric Draining        Necr           8%         2d6       19%         3
 Animate Dead             Necr           4%         N/A       52%         4
 Agony                    Necr           8%         N/A       86%         5


Dungeon Overview and Level Annotations

Branches:
Dungeon (2/15)

Altars:

Shops:
D:1 ?


Innate Abilities, Weirdness & Mutations

You thrive by killing the living.
You are immune to poison.
You have sharp fingernails.
Your flesh is cold resistant. (rC+)
You are immune to negative energy. (rN+++)
You do not regenerate when monsters are visible.
You are immune to unholy pain and torment.


Message History

You scratch the hobgoblin. Your claw misses the hobgoblin.
The hobgoblin is almost dead.
The hobgoblin barely misses you.
You scratch the hobgoblin.
You kill the hobgoblin!
You feel better.
Found a bubbling emerald potion.
Found a dagger.
You now have 89 gold pieces (gained 7).
f - a bubbling emerald potion You see here a +0 dagger.
Found an escape hatch in the floor.
b - 3 fuming white potions (gained 1)
Found a glowing chain mail.
You see here a +0 chain mail of cold resistance.
You fall into a shaft and drop 2 floors!
The shaft crumbles and collapses.
You hear the hiss of flowing sand.
There is an entrance to an ossuary on this level.
Hurry and find it before the portal is buried!
A hobgoblin and 5 orcs come into view.
An orc is wielding a +2 vorpal falchion.
The orc shouts! x2; The hobgoblin shouts!
The orc shouts! x2
Found 15 bolts and a steaming flail.
Found an escape hatch in the ceiling.
Found 7 gold pieces.
A centaur skeleton comes into view.
Found a stone staircase leading down.
The centaur skeleton barely misses you. x2
The centaur skeleton hits you.
The centaur skeleton closely misses you.
The orc closely misses you.
Found 17 gold pieces.
You see here the +9 flail of Rufatiob {vamp, SInv}.
g - the +9 flail of Rufatiob {vamp, SInv}
There are no items here.
You feel a sense of dread.
g - the +9 flail of Rufatiob (weapon)
{vamp, SInv} The orc hits you with a +0 hand axe.
The centaur skeleton barely misses you. x2
You barely miss the orc. The orc hits you with a +0 war axe.
The orc hits you with a +2 vorpal falchion!
Ouch! That really hurt!
You die...

>. #.#.......... #.
#..<..........
#..#.............
#...............
.###..............
#...............$..
..$.#......Z.......
###.####..goo......
# #..oo@o.##..
......######
#..##.# #.. #.. ##
###


You could see 5 orcs, a hobgoblin and a centaur skeleton.

Vanquished Creatures
  An adder (D:2)
  2 endoplasms (D:1)
  A hobgoblin (D:2)
  A quokka (D:1)
  A ball python (D:1)
  A bat (D:1)
  3 frilled lizards (D:1)
  A goblin (D:2)
  A rat (D:1)
12 creatures vanquished.

Notes
Turn   | Place    | Note
-------+----------+-------------------------------------------
     0 | D:1      | mcbry74 the Ghoul Necromancer began the quest for the Orb.
     0 | D:1      | Reached XP level 1. HP: 14/14 MP: 2/2
   221 | D:1      | Reached skill level 1 in Unarmed Combat
   546 | D:1      | Found Meept's Magic Scroll Boutique.
   613 | D:1      | Reached XP level 2. HP: 17/20 MP: 0/3
  1172 | D:4      | Identified the +9 flail of Rufatiob {vamp, SInv}
  1175 | D:4      | Slain by an orc

Illustrated notes

Levels and vault maps discovered:
D:1:      dpeg_arrival_rooms_c, layout_loops_ring, serial_shops, shop_coins
D:2:      layout_rooms, serial_co_window_serial, co_window_paths_b,
          co_window_paths_a, co_window_paths_a, co_window_corner_a,
          co_window_cross_1, co_window_paths_a, co_window_corner_a,
          co_window_broadway_c, co_window_unsneaky_path_a, co_window_broadway_c,
          co_window_corner_ca, co_window_of_opportunity_c, glass_columns_a,
          glass_columns_b, glass_columns_c, glass_columns_b
D:4:      layout_rooms, nicolae_ossuary_entry_false_entrances,
          hangedman_abyss_or_decor_stabs, sigmund_army, uniq_menkaure

Skill      XL: |  1  2 |
---------------+-------+-----
Unarmed Combat | 1 2 |  2.6
Dodging        | |  1.7
Stealth        | |  2.1
Spellcasting   | |  1.7
Necromancy     | |  4.0

Action                   || total
-------------------------++-------
Melee: Unarmed           ||    44
       Punch             ||     1
       Flail             ||     1
 Cast: Pain              ||     4
Armor: Robe              ||     8
Dodge: Dodged            ||    30

Table legend: (Time is in decaauts)
 A = Elapsed time spent in this place.
 B = Non-inter-level travel time spent in this place.
 C = Inter-level travel time spent in this place.
 D = Time resting spent in this place.
 E = Time spent auto-exploring this place.
 F = Levels seen in this place.
 G = Mean time per level.
                   A        B        C        D        E       F      G
               +--------+--------+--------+--------+--------+-----+--------+
         Total |   1173 |   1145 |     28 |    224 |    779 |   3 |  391.0 |
       Dungeon |   1173 |   1145 |     28 |    224 |    779 |   3 |  391.0 |
               +--------+--------+--------+--------+--------+-----+--------+

Top non-repeatable levels by time:
     D:1: 933 daAuts
     D:2: 230 daAuts
     D:4: 9 daAuts
